Map: Ice and Chrome LE

Players

Jarick

  • Race: Terran Terran
  • League: Platinum
  • Spawn Location: 7:00

Massa - Winner!

  • Race: Terran Terran
  • League: Platinum
  • Spawn Location: 1:00

VOD

Have the link to the VOD?

Description

Time

  • Played on: Sept. 24, 2020, 3:10 p.m.
  • Length: 17:37
Show
View Real Time Build Order
Export as new Build Order

Jarick Terran 

Build Orders:  

Get SALT Encoding   

  12  0:00  SCV  
  13  0:13  SCV  
  14  0:25  SCV  
  15  0:28  Supply Depot  
  15  0:50  SCV  
  15  0:54  Barracks  
  16  1:02  SCV  
  17  1:18  SCV  
  18  1:19  Command Center  
  18  1:32  SCV  
  19  1:41  Engineering Bay  
  19  1:45  Marine  
  20  2:03  Marine  
  20  2:09  Refinery  
  20  2:12  Refinery  
  20  2:19  Orbital Command  
  20  2:21  Marine  
  21  2:25  Supply Depot  
  21  2:41  Orbital Command  
  21  2:49  Barracks  
  20  2:57  Barracks Tech Lab  
  20  3:08  SCV  
  20  3:09  SCV, Barracks  
  22  3:20  SCV  
  22  3:21  SCV  
  22  3:23  Supply Depot  
  24  3:36  Marauder  
  24  3:38  Barracks Reactor  
  26  3:42  Combat Shield  
  26  3:44  SCV  
  26  3:45  SCV  
  28  3:57  SCV x2, Factory  
  30  4:23  Marauder, Marine x2  
  34  4:25  Barracks Reactor  
  34  4:26  Supply Depot  
  34  4:28  SCV  
  34  4:29  SCV  
  36  4:33  Refinery  
  36  4:41  SCV, Marine x2  
  36  4:43  SCV  
  36  4:44  Marauder  
  42  4:51  Factory Reactor  
  42  4:53  SCV  
  42  4:55  SCV  
  42  4:56  Engineering Bay  
  44  5:01  Stimpack  
  44  5:06  Marauder  
  46  5:08  Supply Depot  
  46  5:20  Starport  
  46  5:21  Marine x3  
  48  5:27  Marauder  
  51  5:28  SCV x2  
  53  5:36  Refinery  
  53  5:40  SCV  
  53  5:41  SCV  
  54  5:48  Widow Mine x2, Marauder  
  58  5:52  SCV  
  58  5:53  SCV  
  59  6:09  Widow Mine x2  
  59  6:10  Marauder, Missile Turret  
  65  6:22  Marine x4  
  65  6:25  SCV  
  70  6:30  Missile Turret, Supply Depot  
  70  6:33  Missile Turret  
  70  6:43  Starport Reactor  
  70  6:47  Supply Depot  
  70  6:51  SCV x2, Marine x2  
  70  6:52  Marauder  
  70  6:53  Terran Infantry Weapons Level 1  
  76  7:01  Armory  
  76  7:02  Missile Turret  
  76  7:06  Hellion  
  80  7:08  Hellion  
  80  7:09  Supply Depot  
  80  7:13  Marauder  
  82  7:28  Hellion  
  82  7:32  Supply Depot  
  82  7:34  Marauder  
  84  7:46  Medivac x2  
  88  7:53  Marine x4  
  88  7:55  Hellion x2  
  88  7:56  Marauder  
  98  8:11  Marine  
  89  8:16  Hellion, Medivac  
  89  8:17  Marauder  
  80  8:21  Concussive Shells  
  80  8:23  Marine x3  
  83  8:29  Marine  
  84  8:38  Command Center  
  84  8:39  Marauder  
  84  8:40  Marine  
  87  9:00  Marauder  
  89  9:11  Liberator x2  
  89  9:12  Marine x3  
  89  9:13  Marine  
  89  9:16  Terran Infantry Armor Level 1  
  99  9:21  Marauder  
  101  9:32  Marine x3  
  101  9:33  Marine  
  101  9:37  Missile Turret  
  105  9:43  Marauder  
  107  9:49  Marine  
  107  9:50  Marine  
  99  9:58  Missile Turret  
  95  10:04  Marauder  
  97  10:07  Marine x2  
  97  10:08  Marine x2  
  97  10:09  Liberator x2  
  105  10:14  Hellion x2  
  105  10:18  Missile Turret  
  105  10:25  Marine x3  
  105  10:26  Marauder  
  114  10:35  Hellion  
  114  10:36  Hellion  
  114  10:40  Refinery  
  114  10:43  Planetary Fortress  
  114  10:47  Marauder  
  121  10:57  SCV x2, Hellbat x2  
  121  11:03  Medivac  
  124  11:07  Supply Depot x2  
  124  11:09  SCV  
  125  11:12  Supply Depot  
  125  11:15  Medivac  
  125  11:16  SCV, Marauder, Marine x3  
  133  11:28  SCV x2  
  133  11:29  Hellbat x2  
  139  11:33  Medivac  
  139  11:37  Marauder  
  143  11:43  Marine x3  
  143  11:44  Marine  
  143  11:45  Medivac  
  131  11:59  Marauder  
  129  12:01  Marine x3  
  118  12:13  Widow Mine x2  
  122  12:15  Marine  
  122  12:17  Medivac x2  
  122  12:19  Terran Infantry Armor Level 2, Marine  
  122  12:20  Marauder  
  122  12:22  SCV x3  
  133  12:30  Refinery  
  133  12:41  Marauder  
  106  13:15  Marauder, Marine x4  
  106  13:17  Widow Mine x2  
  106  13:18  Liberator x2  
  121  13:33  Marine  
  120  13:36  Marauder  
  120  13:39  Widow Mine  
  120  13:58  Marauder  
  120  14:00  Liberator, Marine x4  
  120  14:01  Liberator  
  129  14:18  Marine  
  129  14:19  Marauder  
  106  14:41  Marauder  
  93  14:46  Liberator  
  93  14:47  Liberator  
  93  14:49  Marine x4  
  93  14:52  Hellbat  
  105  14:53  Hellion  
  105  15:02  Marauder  
  107  15:07  Marine  
  107  15:14  Hellion x2  
  106  15:22  Marine x3  
  106  15:23  Marauder  
  106  15:25  Marine  
  112  15:35  Hellion x2  
  108  15:40  Marine x2  
  98  15:45  Marauder  
  98  15:53  Marine x2  
  98  15:54  Liberator x2  
  106  15:58  Marine x2  
  108  16:06  Marauder  
  101  16:27  Marauder  
  101  16:33  Marine x3  
  101  16:34  Marine  
  101  16:37  Viking  
  97  16:49  Marauder  
  97  16:51  Marine  
  79  17:10  Marauder  
Show
View Real Time Build Order
Export as new Build Order

Massa Terran - Winner!

Build Orders:  

Get SALT Encoding   

  12  0:00  SCV  
  13  0:12  SCV  
  14  0:17  Supply Depot  
  14  0:24  SCV  
  15  0:39  SCV  
  15  0:40  Barracks  
  16  0:49  Refinery  
  16  0:51  SCV  
  17  1:03  SCV  
  18  1:15  SCV  
  19  1:28  Orbital Command  
  19  1:31  Reaper  
  20  1:57  SCV  
  21  2:03  Marine  
  22  2:09  SCV  
  23  2:17  Factory  
  23  2:20  Supply Depot  
  23  2:33  Barracks Reactor  
  23  2:39  Command Center  
  23  2:54  SCV  
  24  3:06  SCV  
  24  3:09  Starport  
  25  3:18  SCV  
  26  3:30  SCV  
  27  3:37  Engineering Bay  
  27  3:40  Hellion x2  
  31  3:42  Barracks Tech Lab  
  31  3:47  Supply Depot  
  31  3:49  Supply Depot  
  31  3:50  SCV  
  31  3:51  Orbital Command  
  32  4:02  Hellion x2  
  38  4:19  Medivac  
  38  4:23  SCV x2, Hellion  
  42  4:29  Command Center  
  42  4:32  Missile Turret  
  42  4:35  SCV x2  
  42  4:36  Refinery  
  44  4:40  Marauder  
  44  4:43  Hellion  
  48  4:47  SCV  
  48  4:49  Viking  
  48  4:50  SCV  
  48  4:52  Missile Turret  
  52  4:56  Refinery  
  52  4:59  SCV  
  53  5:02  SCV  
  54  5:10  Marauder  
  54  5:11  SCV  
  54  5:12  Missile Turret  
  57  5:14  SCV, Supply Depot  
  57  5:19  Missile Turret  
  58  5:30  Barracks  
  58  5:31  Marauder  
  60  5:36  Factory Tech Lab  
  60  5:37  Barracks  
  60  5:41  Missile Turret  
  60  6:00  Orbital Command  
  60  6:03  Terran Infantry Weapons Level 1  
  60  6:05  Siege Tank  
  60  6:06  Missile Turret  
  63  6:14  Stimpack  
  63  6:22  SCV x2  
  65  6:26  Barracks, Missile Turret  
  65  6:32  Medivac  
  67  6:34  SCV x3  
  67  6:38  Widow Mine  
  72  6:46  Refinery, SCV x2  
  72  6:47  SCV  
  75  6:48  Missile Turret  
  75  6:52  Marauder  
  77  6:55  Barracks Reactor  
  77  6:58  SCV  
  77  6:59  SCV  
  79  7:03  Barracks  
  79  7:14  Marauder  
  77  7:42  Siege Tank  
  77  7:43  Medivac  
  78  7:45  Marine x2  
  78  7:50  Marauder, Marine x2  
  84  7:53  Barracks Reactor  
  84  7:55  Barracks Tech Lab  
  84  7:58  Combat Shield  
  84  8:03  Marine  
  84  8:04  Command Center  
  85  8:10  Marine  
  84  8:15  Siege Tank  
  84  8:20  Marine  
  85  8:37  Orbital Command  
  85  8:54  Supply Depot  
  85  8:56  Supply Depot  
  85  9:13  Supply Depot  
  85  9:16  SCV x3, Marauder  
  90  9:17  Supply Depot  
  90  9:18  Supply Depot  
  90  9:28  SCV x3  
  93  9:33  Siege Tank  
  93  9:35  Marauder, Marine x6  
  93  9:37  Orbital Command, Marauder  
  106  9:39  Supply Depot  
  106  9:40  SCV x3  
  106  9:41  Supply Depot  
  106  9:43  Supply Depot  
  109  9:48  Refinery  
  109  9:49  Refinery, Concussive Shells  
  109  9:52  SCV x3, Marine  
  112  9:53  Marine x5  
  112  9:56  Marauder  
  112  9:59  Marauder  
  120  10:03  Supply Depot  
  120  10:04  SCV x3, Supply Depot  
  120  10:05  Siege Tank  
  118  10:10  Marine  
  118  10:11  Marine x5  
  124  10:16  SCV, Missile Turret  
  124  10:17  Marauder  
  124  10:20  Marauder  
  129  10:26  Terran Infantry Armor Level 1  
  129  10:27  Supply Depot  
  129  10:28  Marine  
  129  10:29  Marine x5  
  129  10:30  Armory  
  129  10:33  Engineering Bay  
  135  10:36  Missile Turret  
  135  10:38  Armory, Marine  
  136  10:45  Marauder  
  136  10:46  Marine x2  
  136  10:47  Marine x4  
  136  10:48  Sensor Tower  
  144  10:56  Marauder  
  146  10:57  Orbital Command  
  146  11:05  SCV  
  146  11:06  SCV x2, Marauder  
  151  11:17  SCV  
  151  11:18  SCV x2, Marauder  
  156  11:23  Supply Depot x2  
  156  11:28  Marauder  
  156  11:30  SCV x2  
  159  11:39  Marauder  
  160  11:47  Supply Depot  
  136  12:12  Marauder x2, Marine x6  
  136  12:14  Viking  
  148  12:24  SCV x2  
  148  12:25  SCV x2  
  152  12:30  Marine x5  
  152  12:33  Marauder x2  
  152  12:36  SCV  
  152  12:37  SCV x3  
  164  12:41  Marine  
  165  12:44  Viking  
  165  12:47  Marine  
  165  12:48  Marine x2, Supply Depot  
  165  12:49  SCV  
  171  12:54  Marauder  
  171  12:55  Marauder  
  168  13:14  Viking  
  168  13:16  Marauder x2  
  172  13:37  Marauder  
  172  13:38  Marauder  
  162  13:50  Siege Tank  
  162  13:52  Marine x2  
  167  13:58  Marauder  
  167  13:59  SCV, Marauder  
  167  14:00  SCV x3  
  175  14:09  Terran Infantry Armor Level 2, Terran Infantry Weapons Level 2  
  175  14:11  SCV  
  175  14:12  SCV x3, Terran Vehicle And Ship Armor Level 1, Terran Vehicle Weapons Level 1  
  175  14:17  Command Center  
  178  14:20  Marauder x2  
  178  14:22  Siege Tank  
  178  14:24  SCV x3  
  151  14:41  Marauder  
  151  14:42  Marauder  
  147  14:54  Siege Tank  
  147  14:59  Medivac  
  152  15:03  Marauder  
  154  15:29  Medivac  
  148  15:50  Planetary Fortress  
  140  15:59  Marauder x2, Marine, Medivac  
  140  16:00  Marine x5  
  140  16:17  Marine  
  140  16:18  Marine x5  
  141  16:20  Marauder  
  141  16:21  Marauder  
  141  16:25  Command Center  
  145  16:29  Viking  
  145  16:32  Command Center  
  147  16:33  Command Center, Supply Depot  
  147  16:34  Supply Depot x2  
  147  16:35  Marine x4  
  147  16:39  Marine x2  
  150  16:42  Marauder x2  
  152  16:53  Marine x4  
  155  16:56  Supply Depot  
  155  16:57  Supply Depot x2  
  155  16:59  Viking  
  157  17:03  Marauder  
  157  17:04  Marauder  
  159  17:20  Supply Depot  
Tags
 
Matchup
TvT
Race
Terran
Replay Pack
Multiplayer
Spawn Locations
Cross Positions
Add a new tag
Caveats
  • Supply blocks, unpowered buildings, or Contaminate may cause inaccurate times.
  • Supply counts are checked every 10 seconds.